AoeStats
← dvdvnlng

Arabia

508556019Analyzed
1v1 RM · 9d ago on Sep 23, 2026· 39m 55s· 2 players
Game mode
Random Map
Map size
Tiny (2 player)
Population
200
Speed
Normal
Resources
Standard
Victory
Conquest
Starting age
Dark Age
Ending age
Imperial Age
RankedLock teamsTeams togetherTeam positionsShared explorationLock speedFull tech treeHidden civsTurbo modeCheats
Victory
Defeat
🇺🇸 Britons · United States
985
+18
🇺🇸 Turks · United States
1035
-18
kamikaze
6:53 Loom
9:29 Feudal Age
10:13 Double-Bit Axe
13:16 Fletching
16:08 Horse Collar
16:50 Gold Mining
21:16 Wheelbarrow
21:56 Wheelbarrow
24:12 Castle Age
22:43 Padded Archer Armor
25:15 Bodkin Arrow
24:41 Crossbowman
25:42 Bow Saw
26:41 Leather Archer Armor
27:14 Ballistics
31:20 Hand Cart
31:10 Town Watch
33:18 Town Patrol
35:10 Guard Tower
35:29 Heavy Plow
39:50 Imperial Age
39:47 Yeomen
dvdvnlng
10:04 Feudal Age
9:01 Loom
12:11 Horse Collar
13:21 Double-Bit Axe
16:58 Man-at-Arms
18:06 Fletching
20:46 Wheelbarrow
20:53 Scale Mail Armor
20:55 Padded Archer Armor
25:56 Castle Age
24:00 Arson
25:50 Gold Mining
26:49 Thumb Ring
26:09 Long Swordsman
27:09 Leather Archer Armor
26:50 Bodkin Arrow
29:36 Squires
31:30 Scale Barding Armor
32:04 Murder Holes
32:31 Bow Saw
34:43 Hand Cart
35:23 Chain Barding Armor
Connection lost

Rejoining the realm…

Still unreachable

The connection could not be restored.

Session expired

The server has moved on; the page needs a fresh start.